 Dungeon Crawl Stone Soup version 0.21-a0-582-g1b93aee (webtiles) character file.

26 tidbits the Digger (level 3, -15/37 HPs)
             Began as a Gnoll Earth Elementalist on Dec 19, 2017.
             Demolished by a two-headed ogre
             ... wielding a +0 giant club
              (21 damage)
             ... on level 2 of the Dungeon.
             The game lasted 00:04:24 (527 turns).

tidbits the Digger (Gnoll Earth Elementalist)        Turns: 527, Time: 00:04:25

Health: -15/37     AC: 21    Str: 10    XL:     3   Next: 8%
Magic:  9/9        EV:  2    Int: 18    God:
Gold:   16         SH:  0    Dex: 15    Spells: 9/12 levels left

rFire    . . .     SeeInvis .   (no weapon)
rCold    . . .     Gourm    .   (no shield)
rNeg     + + +     Faith    .   (armour currently unavailable)
rPois    +         Spirit   .   (helmet currently unavailable)
rElec    .         Reflect  .   (cloak currently unavailable)
rCorr    .         Harm     .   (gloves currently unavailable)
MR       .....     NoTele   +   (boots currently unavailable)
Stlth    +++.......             (no amulet)
HPRegen  0.12/turn              (no ring)
MPRegen  0.11/turn              (no ring)

@: tree-form
A: distributed training, strong nose
a: no special abilities


You were on level 2 of the Dungeon.
You were not hungry.
You were a tree.
You visited 1 branch of the dungeon, and saw 2 of its levels.

You collected 16 gold pieces.

Inventory:

Hand Weapons
 a - a +0 dagger
 j - a cursed -2 mace
Missiles
 b - 98 stones (quivered)
 l - 2 throwing nets {!f}
 m - 6 curare-tipped needles
Armour
 d - a +0 robe (melded)
Scrolls
 g - a scroll of magic mapping {unknown}
 h - a scroll of fog {unknown}
Potions
 i - a potion of curing {unknown}
Books
 e - a book of Geomancy

   Spells                             Type                      Level
   a - Sandblast                      Earth                        1
   b - Passwall                       Transmutation/Earth          2
   c - Stone Arrow                    Conjuration/Earth            3
   d - Petrify                        Transmutation/Earth          4
   e - Lee's Rapid Deconstruction     Earth                        5
 n - a book of Changes
   (You found it on level 2 of the Dungeon)

   Spells                             Type                      Level
   a - Beastly Appendage              Transmutation                1
   b - Sticks to Snakes               Transmutation                2
   c - Spider Form                    Transmutation/Poison         3
   d - Ice Form                       Ice/Transmutation            4
   e - Blade Hands                    Transmutation                5
Comestibles
 c - 2 rations


   Skills:
 + Level 0.6 Fighting
 + Level 0.6 Short Blades
 + Level 0.6 Long Blades
 + Level 0.6 Axes
 + Level 0.6 Maces & Flails
 + Level 0.6 Polearms
 + Level 0.6 Staves
 + Level 0.6 Slings
 + Level 0.6 Bows
 + Level 0.6 Crossbows
 + Level 0.6 Throwing
 + Level 0.6 Armour
 + Level 4.5 Dodging
 + Level 4.1 Stealth
 + Level 0.6 Shields
 + Level 0.6 Unarmed Combat
 + Level 5.0 Spellcasting
 + Level 0.4 Conjurations
 + Level 0.4 Hexes
 + Level 0.4 Charms
 + Level 0.4 Summonings
 + Level 0.4 Necromancy
 + Level 0.4 Translocations
 + Level 2.1 Transmutations
 + Level 0.4 Fire Magic
 + Level 0.4 Ice Magic
 + Level 0.4 Air Magic
 + Level 5.4 Earth Magic
 + Level 0.4 Poison Magic
 + Level 0.8 Invocations
 + Level 0.6 Evocations


You had 9 spell levels left.
You knew the following spells:

 Your Spells              Type           Power        Failure   Level  Hunger
a - Sandblast             Erth           ###...       1%          1    None
w - Passwall              Tmut/Erth      ###.......   4%          2    #......


Dungeon Overview and Level Annotations

Branches:
Dungeon (2/15)

Altars:
Nemelex Xobeh
Uskayaw
Zin

Annotations:
D:2 1 transporter


Innate Abilities, Weirdness & Mutations

Your experience applies equally to all skills.
((You have very sharp teeth.))
Your uncanny sense of smell can sniff out nearby items.


Message History

Aiming: Sandblast
Press: ? - help, Shift-Dir - straight line, f - quokka
Aim: a quokka The blast of sand hits the quokka.
The quokka is severely wounded.
b - 98 stones The quokka bites you.
You hit the quokka.
You kill the quokka!
Your Spellcasting skill increases to level 5!
Found a leatherbound book.
Found a hand axe.
n - a book of Changes
Okay, then.
Search for what [? for help]? blow Can't find anything matching that.
Unknown command.
There is a transporter here.
It was a potion of lignification.
You turn into a tree.
Your +0 robe melds into your body.
Your roots penetrate the ground.
Wield which item (- for none, * to show all)? (? for menu, Esc to quit)
Okay, then.
Adjust (i)tems, (s)pells, or (a)bilities?
Adjust which item? (? for menu, Esc to quit)
d - 2 rations Adjust to which letter? (? for menu, Esc to quit)
c - 2 rations;
d - a +0 robe (melded) Wield which item (- for none, * to show all)? (? for menu, Esc to quit)
c - 2 rations (in branch)
You swing at nothing.
You swing at nothing.
You swing at nothing.
You swing at nothing.
You swing at nothing.
You swing at nothing.
You swing at nothing.
You swing at nothing.
You swing at nothing.
You swing at nothing.
You swing at nothing.
You swing at nothing.
You swing at nothing.
You swing at nothing.
You swing at nothing.
You swing at nothing.
You swing at nothing.
You swing at nothing.
Your transformation is almost over.
You swing at nothing.
You swing at nothing.
You swing at nothing.
You swing at nothing.
You swing at nothing.
You swing at nothing.
You feel less wooden.
Your +0 robe unmelds from your body.
Wield which item (- for none, * to show all)? (? for menu, Esc to quit)
a - a +0 dagger (weapon)
You enter the transporter and appear at another place.
The bat closely misses you.
Unknown command.
Okay, then.
The bat completely misses you. The giant cockroach barely misses you.
Okay, then.
The bat misses you. The bat closely misses you. The goblin closely misses you.
The bat barely misses you. The goblin misses you.
You turn into a tree.
Your +0 robe melds into your body.
Your roots penetrate the ground.
The bat hits you but does no damage. The goblin hits you but does no damage.
The bat hits you but does no damage.
Wield which item (- for none, * to show all)? (? for menu, Esc to quit)
You are now empty-handed.
The goblin barely misses you.
Really attack barehanded?
You closely miss the goblin. The bat hits you but does no damage.
The goblin hits you but does no damage.
You smack the two-headed ogre!
The two-headed ogre is lightly wounded.
The goblin hits you but does no damage.
The two-headed ogre hits you with a giant club.
The two-headed ogre hits you with a giant spiked club!
* * * LOW HITPOINT WARNING * * *
You aren't carrying any items that you can evoke.
Unknown command.
It was a potion of heal wounds.
You feel much better. The goblin barely misses you.
You barely miss the two-headed ogre.
The two-headed ogre is lightly wounded.
The two-headed ogre hits you with a giant club!
The two-headed ogre hits you with a giant spiked club!
* * * LOW HITPOINT WARNING * * *
The goblin barely misses you.
You hit the two-headed ogre.
The two-headed ogre is lightly wounded.
The giant cockroach waves its antennae.
The two-headed ogre hits you with a giant club.
* * * LOW HITPOINT WARNING * * *
The two-headed ogre hits you with a giant spiked club!!
Ouch! That really hurt!
You die...

##.....©.....##
#..#########.[#
#.##8$___$8##.#
#.#(.?[$$%..#.##
#.#.#.....#.#..#
#.#..#...#..#..#
#.#bs......©#..#
#.#Og#...#..#..#
#.#♣#..©..#.#..#
#.#.........#..#
#.##8.....8##..#
#..#########...+
##.....©.......#
#####....######
#....# #....#
#....#


You could see a two-headed ogre, a giant cockroach, a goblin and a bat.

Vanquished Creatures
  A worm (D:2)
  A dart slug (D:2)
  A leopard gecko (D:1)
  4 bats
  A giant cockroach (D:2)
  4 goblins
  A hobgoblin (D:1)
  3 kobolds (D:1)
  A quokka (D:2)
  2 frilled lizards (D:2)
19 creatures vanquished.

Notes
Turn   | Place    | Note
-------+----------+-------------------------------------------
     0 | D:1      | tidbits the Gnoll Earth Elementalist began the quest for the Orb.
     0 | D:1      | Reached XP level 1. HP: 13/13 MP: 6/6
   119 | D:1      | Reached skill level 2 in Transmutations
   122 | D:1      | Reached XP level 2. HP: 19/19 MP: 1/7
   127 | D:1      | Learned a level 2 spell: Passwall
   440 | D:2      | Reached XP level 3. HP: 25/25 MP: 5/9
   458 | D:2      | Found a glowing silver altar of Zin.
   458 | D:2      | Found a hide-covered altar of Uskayaw.
   461 | D:2      | Found a sparkling altar of Nemelex Xobeh.
   461 | D:2      | Noticed a two-headed ogre
   462 | D:2      | Found a transporter.
   470 | D:2      | Found a transporter.
   473 | D:2      | Reached skill level 5 in Spellcasting
   527 | D:2      | Demolished by a two-headed ogre

Vault maps used:
D:1:      dpeg_arrival_rooms_b, item_on_display_a
D:2:      lemuel_doored_altar, gammafunk_temple_overflow_arena, first_ration

Skill      XL: |  1  2  3 |
---------------+----------+-----
Transmutations | 2 |  2.1
Spellcasting   | 5 |  5.0
Fighting       | |  0.6
Short Blades   | |  0.6
Long Blades    | |  0.6
Axes           | |  0.6
Maces & Flails | |  0.6
Polearms       | |  0.6
Staves         | |  0.6
Slings         | |  0.6
Bows           | |  0.6
Crossbows      | |  0.6
Throwing       | |  0.6
Armour         | |  0.6
Dodging        | |  4.5
Stealth        | |  4.1
Shields        | |  0.6
Unarmed Combat | |  0.6
Conjurations   | |  0.4
Hexes          | |  0.4
Charms         | |  0.4
Summonings     | |  0.4
Necromancy     | |  0.4
Translocations | |  0.4
Fire Magic     | |  0.4
Ice Magic      | |  0.4
Air Magic      | |  0.4
Earth Magic    | |  5.4
Poison Magic   | |  0.4
Invocations    | |  0.8
Evocations     | |  0.6

Action                   || total
-------------------------++-------
Melee: Dagger            ||     2
       Unarmed           ||     4
 Cast: Sandblast         ||    22
       Passwall          ||     3
  Use: Potion            ||     3
 Stab: Sleeping          ||     1
Armor: Robe              ||     1
       Skin              ||     6
Dodge: Dodged            ||    15

Table legend:
 A = Spawn XP
 B = Non-spawn XP
 C = Spawn XP percentage of total XP
 D = Spawn monster count
 E = Non-spawn monster count
 F = Spawn count percentage of total count
 G = Total turns spent on level
                    A         B        C        D         E        F      G
               +---------+---------+-------+---------+---------+-------+---------
         Total |       0 |      38 |   0.0 |       0 |      19 |   0.0 |   527
               +---------+---------+-------+---------+---------+-------+---------
           D:1 |       0 |      17 |   0.0 |       0 |       9 |   0.0 |   273
           D:2 |       0 |      21 |   0.0 |       0 |      10 |   0.0 |   254
               +---------+---------+-------+---------+---------+-------+---------

Table legend:
 A = Turns spent in this place as a percentage of turns spent in the entire game.
 B = Non-inter-level travel turns spent in this place as a percentage of non-inter-level travel turns spent in the entire game.
 C = Inter-level travel turns spent in this place as a percentage of turns spent in this place.
 D = Turns resting spent in this place as a percentage of non-inter-level travel turns spent in this place.
 E = Turns spent auto-exploring this place as a percentage of non-inter-level travel turns spent in this place.
 F = Non-inter-level travel turns spent in this place divided by the number of levels of this place that you've seen.
                   A       B       C       D       E      F
               +-------+-------+-------+-------+-------+----------------------
         Total | 100.0 | 100.0 |   4.6 |   0.0 |   0.0 | 251.5
       Dungeon | 100.0 | 100.0 |   4.6 |   0.0 |   0.0 | 251.5
               +-------+-------+-------+-------+-------+----------------------

Table legend:
 A = Kills in this place as a percentage of kills in entire the game.
 B = Kills by you in this place as a percentage of kills by you in the entire game.
 C = Kills by friends in this place as a percentage of kills by friends in the entire game.
 D = Other kills in this place as a percentage of other kills in the entire game.
 E = Experience gained in this place as a percentage of experience gained in the entire game.
 F = Experience gained in this place divided by the number of levels of this place that you have seen.
                   A       B       C       D       E      F
               +-------+-------+-------+-------+-------+----------------------
         Total | 100.0 | 100.0 |   N/A |   N/A | 100.0 |  19.0
       Dungeon | 100.0 | 100.0 |   N/A |   N/A | 100.0 |  19.0
               +-------+-------+-------+-------+-------+----------------------

Vault maps used:
D:1:      dpeg_arrival_rooms_b, item_on_display_a
D:2:      lemuel_doored_altar, gammafunk_temple_overflow_arena, first_ration
